 Dungeon Sprint DCSS version 0.31-a0-370-g25055926c8 (webtiles) character file.

Game seed: 17841584501139553937

5040 Conn the Thaumaturge (level 10, -2/71 HPs)
             Began as an Octopode Fire Elementalist on July 28, 2023.
             Was a High Priest of Sif Muna.
             Slain by a demonic crawler (15 damage)
             ... in the Dungeon (Sprint IV: "Fedhas' Mad Dash").
             The game lasted 00:15:18 (2382 turns).

Conn the Thaumaturge (Octopode Fire Elementalist)   Turns: 2382, Time: 00:15:18

Health: -2/71      AC:  1    Str:  7    XL:     10   Next: 55%
Magic:  13/26      EV: 14    Int: 23    God:    Sif Muna [*****.]
Gold:   148        SH:  5    Dex: 12    Spells: 13/33 levels left

rFire   . . .        d - +0 rapier
rCold   . . .        i - +0 buckler
rNeg    . . .        (helmet restricted)
rPois   .            f - amulet of invisibility {+Inv}
rElec   .            (no ring)
rCorr   .            (no ring)
SInv    .            (no ring)
Will    .....        (no ring)
Stlth   ++++         (no ring)
HPRegen 0.31/turn    (no ring)
MPRegen 0.20/turn    (no ring)
                     (no ring)

%: no teleportation
@: very slightly contaminated, invisible
A: almost no armour, amphibious, 8 rings, camouflage 1, gelatinous body 1,
(nimble swimmer 1), tentacles
a: Renounce Religion, Evoke Invisibility, Channel Magic, Forget Spell, Divine
Exegesis


You were in the Dungeon.
You worshipped Sif Muna.
Sif Muna was extremely pleased with you.
You visited 1 branch You collected 211 gold pieces.
You spent 63 gold pieces at shops.

Inventory:

Hand Weapons
 d - a +0 rapier (weapon)
Armour
 i - a +0 buckler (worn)
Jewellery
 f - the amulet of invisibility (around mantle) {+Inv}
   (You found it in the Dungeon)

   [amulet of nothing]

   +Inv:      It lets you turn invisible.
 g - an amulet of faith
Wands
 h - a wand of light (11)
Potions
 a - 3 potions of magic
 b - 3 potions of curing
Miscellaneous
 j - a phial of floods


   Skills:
 - Level 7.2 Fighting
 - Level 1.2 Short Blades
 - Level 4.8 Dodging
 - Level 5.2 Stealth
 - Level 5.0 Shields
 - Level 0.4 Unarmed Combat
 - Level 12.3 Spellcasting
 - Level 7.3 Conjurations
 - Level 2.2 Hexes
 - Level 11.2 Fire Magic
 + Level 11.7 Invocations
 - Level 6.9 Evocations


You had 13 spell levels left.
You knew the following spells:

 Your Spells              Type           Power      Damage    Failure   Level
a - Foxfire               Conj/Fire      100%       2x1d9     1%          1
b - Scorch                Fire           100%       2d9       1%          2
c - Inner Flame           Hex/Fire       45%        N/A       1%          3
d - Flame Wave            Conj/Fire      54%        2d13      1%          4
e - Iskenderun's Battles  Conj           48%        2d10      9%          5
f - Irradiate             Conj/Tmut      15%        3d16      38%         5

Your spell library contained the following spells:

 Spells                   Type           Power      Damage    Failure   Level
 Searing Ray              Conj           96%        2d7       1%          2
 Volatile Blastmotes      Fire/Tloc      80%        2d16      1%          3
 Sublimation of Blood     Necr           14%        N/A       11%         2
 Petrify                  Tmut/Erth      14%        N/A       56%         4
 Summon Horrible Things   Summ           7%         N/A       100%        8
 Fire Storm               Conj/Fire      27%        8d7       100%        9


Dungeon Overview and Level Annotations

Branches:
Dungeon (1/1)

Altars:
Cheibriados
Dithmenos
Elyvilon
Gozag
Hepliaklqana
Kikubaaqudgha
Makhleb
Nemelex Xobeh
Okawaru
Qazlal
Ru
Sif Muna
Trog
Uskayaw
Vehumet
Wu Jian
Xom
Yredelemnul
Zin
The Shining One
Jiyva
Lugonu

Shops:
D ![[=


Innate Abilities, Weirdness & Mutations

You cannot wear most types of armour.
You are amphibious.
You can wear up to eight rings at the same time.
Your skin changes colour to match your surroundings (Stealth+).
Your rubbery body absorbs attacks. (AC +1, EV +1)
((You are camouflaged when in or above water. (Stealth+)))
You have tentacles for arms and can constrict up to eight enemies at once.


Message History

Unknown command.
Unknown command.
Unknown command.
Okay, then.
Unknown command.
Okay, then.
Unknown command.
Unknown command.
You fail to use your ability.
You fail to use your ability.
You fade into invisibility!
You are very lightly contaminated with residual magic.
You open the door.
A demonic crawler comes into view.
Unknown command.
Casting: Foxfire (safe; 1% risk of failure)
Confirm with . or Enter, or press ? or * to list all spells.
Okay, then.
Unknown command.
Unknown command.
Okay, then.
Unknown command.
Casting: Foxfire (safe; 1% risk of failure)
Confirm with . or Enter, or press ? or * to list all spells.
You conjure a globe of magical energy.
The demonic crawler gives a hideous shriek!
You block the demonic crawler's attack. The demonic crawler misses you.
The demonic crawler hits you!
Casting: Iskenderun's Battlesphere (dangerous; 9% risk of failure)
Confirm with . or Enter, or press ? or * to list all spells.
Okay, then.
The demonic crawler closely misses you. The demonic crawler hits you!
The demonic crawler hits you!!
Unknown command.
Unknown command.
The demonic crawler attacks as you move away!
You block the demonic crawler's attack. The demonic crawler hits you!!
* * * LOW HITPOINT WARNING * * *
The demonic crawler hits you!
You die...

######################
_._.⌠.#.)[...#....##∩#
._._..'..#...#....'.[#
_._...#..###'##...##∩#
._._..#.[##∩∩.'...####
_._.⌠.#############
###########...X.)###
♣)###.'.('....X.Xs.+
.♣##..#..#.....*@#
..###.##+##.P.X..#
.♣'...# ########
#######


You could see a demonic crawler (ally target), 4 friendly large abominations and
a friendly battlesphere.

Vanquished Creatures
  A spriggan druid (D)
  6 oklob plants (D)
  A moth of wrath (D)
  2 queen bees (D)
  3 burning bushes (D)
  3 wandering mushrooms (D)
  3 scorpions (D)
  4 killer bees (D)
  5 oklob saplings (D)
  2 spriggans (D)
  A river rat (D)
  A rat (D)
  A ballistomycete spore (D)
33 creatures vanquished.

Vanquished Creatures (others)
  81 foxfires (D)
81 creatures vanquished.

Grand Total: 114 creatures vanquished

Notes
Turn   | Place    | Note
-------+----------+-------------------------------------------
     0 | D        | Conn the Octopode Fire Elementalist began the quest for the
                  | Orb.
     0 | D        | Reached XP level 1. HP: 11/11 MP: 3/3
    16 | D        | Reached XP level 2. HP: 3/17 MP: 0/5
    23 | D        | Learned a level 2 spell: Scorch
    80 | D        | Noticed an oklob sapling
    86 | D        | Noticed a scorpion
    86 | D        | Found the amulet of invisibility {+Inv}
    89 | D        | Killed a scorpion
    90 | D        | Reached skill level 3 in Spellcasting
    90 | D        | Reached XP level 3. HP: 21/21 MP: 0/8
    90 | D        | Reached XP level 4. HP: 27/27 MP: 0/9
   175 | D        | Reached skill level 4 in Spellcasting
   178 | D        | Found an opulent altar of Gozag.
   178 | D        | Found a hazy altar of Hepliaklqana.
   178 | D        | Found a burning altar of Makhleb.
   178 | D        | Found a sparkling altar of Nemelex Xobeh.
   178 | D        | Found a snail-covered altar of Cheibriados.
   178 | D        | Found a sacrificial altar of Ru.
   178 | D        | Found a shimmering blue altar of Sif Muna.
   178 | D        | Found a shimmering altar of Xom.
   178 | D        | Found a basalt altar of Yredelemnul.
   179 | D        | Found a viscous altar of Jiyva.
   179 | D        | Found a bloodstained altar of Trog.
   179 | D        | Found an ornate altar of the Wu Jian Council.
   179 | D        | Noticed an oklob sapling priest
   207 | D        | Found an iron altar of Okawaru.
   207 | D        | Found a glowing silver altar of Zin.
   207 | D        | Found a shadowy altar of Dithmenos.
   208 | D        | Found a hide-covered altar of Uskayaw.
   208 | D        | Found an ancient bone altar of Kikubaaqudgha.
   209 | D        | Found a glowing golden altar of the Shining One.
   209 | D        | Found a stormy altar of Qazlal.
   209 | D        | Found a white marble altar of Elyvilon.
   210 | D        | Found a radiant altar of Vehumet.
   210 | D        | Found a corrupted altar of Lugonu.
   212 | D        | Became a worshipper of Sif Muna the Loreminder
   216 | D        | Killed an oklob sapling priest
   217 | D        | Reached skill level 5 in Spellcasting
   217 | D        | Reached XP level 5. HP: 31/31 MP: 4/12
   288 | D        | Reached skill level 1 in Fighting
   288 | D        | Reached skill level 1 in Invocations
   331 | D        | Learned a level 3 spell: Inner Flame
   336 | D        | Learned a level 4 spell: Flame Wave
   341 | D        | Reached * piety under Sif Muna
   342 | D        | Reached skill level 6 in Spellcasting
   342 | D        | Reached XP level 6. HP: 4/39 MP: 4/15
   507 | D        | Found Mony's Armour Shop.
   507 | D        | Found Onant's Distillery.
   513 | D        | Noticed a burning bush
   513 | D        | Noticed a wandering mushroom
   514 | D        | Noticed a wandering mushroom
   523 | D        | Reached ** piety under Sif Muna
   526 | D        | Killed a wandering mushroom
   527 | D        | Reached skill level 7 in Spellcasting
   527 | D        | Reached XP level 7. HP: 27/47 MP: 0/18
   543 | D        | Killed a wandering mushroom
   544 | D        | Reached skill level 5 in Stealth
   544 | D        | Reached skill level 8 in Spellcasting
   544 | D        | Reached skill level 5 in Evocations
   695 | D        | Killed a burning bush
   696 | D        | Reached skill level 5 in Conjurations
   696 | D        | Reached skill level 1 in Hexes
   696 | D        | Reached skill level 5 in Invocations
   696 | D        | Reached XP level 8. HP: 33/54 MP: 18/20
   767 | D        | Found Xoetuc's Jewellery Emporium.
   767 | D        | Found Soapp's Armour Shoppe.
   777 | D        | Bought a +0 buckler for 63 gold pieces
   817 | D        | Reached skill level 9 in Spellcasting
   829 | D        | Noticed a queen bee
   833 | D        | Reached *** piety under Sif Muna
   836 | D        | Killed a queen bee
   837 | D        | Reached skill level 5 in Fighting
   837 | D        | Reached skill level 1 in Shields
   846 | D        | Reached **** piety under Sif Muna
   957 | D        | Noticed an oklob plant
   966 | D        | Killed an oklob plant
   967 | D        | Reached skill level 1 in Short Blades
   967 | D        | Reached skill level 10 in Spellcasting
   967 | D        | Reached skill level 10 in Fire Magic
   967 | D        | Reached XP level 9. HP: 62/62 MP: 4/23
  1073 | D        | Noticed a burning bush
  1086 | D        | Killed a burning bush
  1209 | D        | Noticed a burning bush
  1209 | D        | Noticed an oklob plant
  1217 | D        | Killed a burning bush
  1226 | D        | Noticed a wandering mushroom
  1378 | D        | Killed a wandering mushroom
  1378 | D        | Reached ***** piety under Sif Muna
  1379 | D        | Reached skill level 11 in Spellcasting
  1387 | D        | Killed an oklob plant
  1631 | D        | Noticed a spriggan druid
  1641 | D        | Killed a spriggan druid
  1642 | D        | Reached XP level 10. HP: 50/69 MP: 5/25
  1644 | D        | Noticed a moth of wrath
  1650 | D        | Killed a moth of wrath
  1651 | D        | Reached skill level 5 in Shields
  1651 | D        | Reached skill level 12 in Spellcasting
  1662 | D        | Received a gift from Sif Muna
  1663 | D        | Got Sif Muna's Precepts of the Gang and Wounds {god gift}
  1868 | D        | Learned a level 5 spell: Iskenderun's Battlesphere
  1896 | D        | Noticed an oklob plant conjurer
  2021 | D        | Killed an oklob plant conjurer
  2151 | D        | Noticed an oklob plant
  2151 | D        | Noticed an oklob plant summoner
  2153 | D        | Noticed an oklob plant shifter
  2159 | D        | Killed an oklob plant
  2160 | D        | Reached skill level 10 in Invocations
  2304 | D        | Killed an oklob plant summoner
  2310 | D        | Killed an oklob plant shifter
  2375 | D        | Learned a level 5 spell: Irradiate
  2379 | D        | Noticed a demonic crawler
  2382 | D        | Slain by a demonic crawler

Illustrated notes

Levels and vault maps discovered:
D:        dungeon_sprint_fedhas [sprint_temple]

Skill      XL: |  1  2  3  4  5  6  7  8  9 10 |
---------------+-------------------------------+-----
Stealth        | 3 4 5 |  5.2
Fire Magic     | 4 6 7 8 9 10 11 | 11.2
Dodging        | 3 4 |  4.8
Spellcasting   | 3 5 6 7 8 10 11 12 | 12.3
Evocations     | 2 3 4 5 6 |  6.9
Fighting       | 2 3 4 5 6 7 |  7.2
Conjurations   | 2 4 5 6 7 |  7.3
Invocations    | 2 4 5 6 7 11 | 11.7
Hexes          | 1 2 |  2.2
Shields        | 2 4 5 |  5.0
Short Blades   | 1 |  1.2
Unarmed Combat | |  0.4

Action                     |  1- 3 |  4- 6 |  7- 9 | 10-12 || total
---------------------------+-------+-------+-------+-------++-------
  Melee: Unarmed           |     6 |     1 |       |       ||     7
         Tentacles         |     1 |       |     6 |     1 ||     8
         Constrict         |     1 |       |       |     1 ||     2
         Rapier            |       |       |    18 |     2 ||    20
         Punch             |       |       |     1 |       ||     1
   Cast: Foxfire           |     3 |     1 |    31 |    11 ||    46
         Scorch            |     2 |     7 |    34 |    13 ||    56
         Flame Wave        |       |     4 |     3 |     4 ||    11
         Inner Flame       |       |     2 |     8 |     1 ||    11
         Iskenderun's Batt |       |       |       |     2 ||     2
         Summon Horrible T |       |       |       |     1 ||     1
 Invoke: Channel Magic     |       |       |       |     1 ||     1
         Divine Exegesis   |       |       |       |     1 ||     1
Ability: Evoke Invisibilit |       |     6 |     5 |     5 ||    16
    Use: Potion            |     1 |     1 |       |     1 ||     3
         Scroll            |     1 |       |       |     1 ||     2
 Armour: Skin              |       |     1 |       |       ||     1
  Dodge: Dodged            |     3 |     6 |     2 |     9 ||    20
  Block: Buckler           |       |       |       |     5 ||     5

Table legend: (Time is in decaauts)
 A = Elapsed time spent in this place.
 B = Non-inter-level travel time spent in this place.
 C = Inter-level travel time spent in this place.
 D = Time resting spent in this place.
 E = Time spent auto-exploring this place.
 F = Levels seen in this place.
 G = Mean time per level.
                   A        B        C        D        E       F      G
               +--------+--------+--------+--------+--------+-----+--------+
         Total |   2393 |   2393 |      0 |   1699 |      0 |   1 | 2393.0 |
       Dungeon |   2393 |   2393 |      0 |   1699 |      0 |   1 | 2393.0 |
               +--------+--------+--------+--------+--------+-----+--------+

Top non-repeatable levels by time:
       D: 2393 daAuts
